 Dungeon Crawl Stone Soup version 0.27-a0-1557-g57f10a385c (webtiles) character file.

Game seed: 16956031562001891147

218 Wyvernaa the Sneak (level 5, -1/25 HPs)
             Began as a Vine Stalker Enchanter on July 15, 2021.
             Slain by an orc priest (9 damage)
             ... on level 4 of the Dungeon.
             The game lasted 00:12:07 (4586 turns).

Wyvernaa the Sneak (Vine Stalker Enchanter)         Turns: 4586, Time: 00:12:09

Health: -1/25      AC:  2    Str: 10    XL:     5   Next: 95%
Magic:  0/10       EV:  9    Int: 16    God:
Gold:   86         SH:  0    Dex: 15    Spells: 4/10 levels left

rFire    . . .     SeeInvis .   a - +1 dagger
rCold    . . .     Faith    .   (no shield)
rNeg     . . .     Spirit   +   b - +0 robe
rPois    .         Reflect  .   (no helmet)
rElec    .         Harm     .   (no cloak)
rCorr    .         Rampage  .   (no gloves)
Will     +....                  (no boots)
Stlth    +++.......             (no amulet)
HPRegen  1.08/turn              g - ring of willpower
MPRegen  0.12/turn              (no ring)

@: brilliant, constricted
A: fangs 2, regeneration 1, magic shield, antimagic bite, no potion heal 2
a: no special abilities


You were on level 4 of the Dungeon.
You visited 1 branch of the dungeon, and saw 4 of its levels.

You collected 86 gold pieces.

Inventory:

Hand Weapons
 a - a +1 dagger (weapon)
Missiles
 f - 4 atropa-tipped darts
Armour
 b - a +0 robe (worn)
Jewellery
 g - a ring of willpower (left hand)
Potions
 e - a potion of curing {unknown}
 h - a potion of cancellation {unknown}
 i - a potion of degeneration {unknown}
 j - a potion of flight {unknown}
 l - a potion of invisibility {unknown}


   Skills:
 + Level 1.3 Fighting
 + Level 2.0 Short Blades
 + Level 2.3 Dodging
 + Level 5.5 Stealth
 + Level 3.0 Spellcasting
 + Level 3.6 Hexes


You had 4 spell levels left.
You knew the following spells:

 Your Spells              Type           Power      Damage    Failure   Level
a - Corona                Hex            23%        N/A       4%          1
b - Ensorcelled Hibernat  Hex/Ice        24%        N/A       14%         2
c - Confusing Touch       Hex            21%        N/A       13%         3

Your spell library contained the following spells:

 Spells                   Type           Power      Damage    Failure   Level
 Tukima's Dance           Hex            21%        N/A       13%         3
 Apportation              Tloc           6%         N/A       19%         1
 Dazzling Flash           Conj/Hex       24%        N/A       26%         3
 Alistair's Intoxication  Tmut/Pois      2%         N/A       99%         5
 Invisibility             Hex            10%        N/A       100%        6


Dungeon Overview and Level Annotations

Branches:
Dungeon (4/15)
 Temple: D:4-7

Altars:

Annotations:
D:2 Sigmund


Innate Abilities, Weirdness & Mutations

You have extremely sharp teeth.
Your natural rate of healing is unusually fast.
When hurt, damage is shared between your health and your magic reserves.
Your bite disrupts and absorbs the magic of your enemies.
Potions cannot restore your health.


Message History

You hit the phantom.
You destroy the phantom!
Your Short Blades skill increases to level 2!
Your Spellcasting skill increases to level 3!
Casting: Confusing Touch (quite dangerous; 13% risk of failure)
Confirm with . or Enter, or press ? or * to list all spells.
Okay, then.
Casting: Confusing Touch (quite dangerous; 13% risk of failure)
Confirm with . or Enter, or press ? or * to list all spells.
Aiming: Ensorcelled Hibernation (safe; 14% risk of failure)
Press: ? - help, Shift-Dir - straight line, f - orc priest
Aim: an orc priest, wielding a +0 flail and wearing a +0 ring mail (chance to affect: 43%)
You feel a surge of power!
The orc priest resists with some effort.
Casting: Ensorcelled Hibernation (safe; 14% risk of failure)
Confirm with . or Enter, or press ? or * to list all spells.
Aiming: Ensorcelled Hibernation (safe; 14% risk of failure)
Press: ? - help, Shift-Dir - straight line, f/p - orc priest
Aim: an orc priest, wielding a +0 flail and wearing a +0 ring mail (chance to affect: 43%)
You feel a surge of power!
The orc priest looks drowsy...
The ball python bites you. The ball python barely misses you.
The ball python barely misses you. The ball python misses you.
The ball python barely misses you. The ball python grabs you.
The ball python constricts you.
The orc priest shouts!
You hit the orc priest but do no damage.
You hear a shout!
The orc priest misses you.
The ball python bites you but does no damage.
The ball python constricts you.
You completely miss the orc priest. The ball python barely misses you.
The ball python constricts you.
The orc priest hits you with a +0 flail.
You hit the orc priest.
The orc priest is moderately wounded.
The orc hits you with a +0 club.
An orc wizard comes into view. It is wielding a +0 dagger.
The ball python barely misses you. The ball python constricts you.
The orc priest hits you with a +0 flail!
You die...

#####
##...##
#..o..####
#.@o.....o
#S....####
##...##
##.##
######.#####
#..........#
#.####.###.#
#.# #.# .#
#.#
#.###.#####


You could see an orc priest, an orc wizard, an orc and a ball python.

Vanquished Creatures
  A phantom (D:4)
  A scorpion (D:4)
  Terence (D:3)
  2 dart slugs (D:3)
  3 bats
  2 endoplasms
  6 giant cockroaches
  3 goblins
  6 hobgoblins
  3 jackals (D:2)
  4 quokkas
  4 ball pythons
  2 frilled lizards
  A kobold (D:3)
  8 rats
47 creatures vanquished.

Notes
Turn   | Place    | Note
-------+----------+-------------------------------------------
     0 | D:1      | Wyvernaa the Vine Stalker Enchanter began the quest for the
                  | Orb.
     0 | D:1      | Reached XP level 1. HP: 9/9 MP: 4/4
   306 | D:1      | Reached XP level 2. HP: 8/14 MP: 4/6
  1513 | D:2      | Reached skill level 1 in Short Blades
  1712 | D:2      | Noticed Sigmund
  2154 | D:2      | Learned a level 2 spell: Ensorcelled Hibernation
  2279 | D:2      | Found a faded altar of an unknown god.
  2374 | D:2      | Reached XP level 3. HP: 15/17 MP: 7/7
  2492 | D:2      | Reached skill level 4 in Stealth
  2809 | D:3      | Learned a level 3 spell: Confusing Touch
  3299 | D:3      | Noticed Terence
  3304 | D:3      | Killed Terence
  3305 | D:3      | Gained mutation: Your natural rate of healing is unusually
                  | fast. [Vine Stalker growth]
  3305 | D:3      | Reached XP level 4. HP: 17/21 MP: 1/8
  3417 | D:3      | Noticed a phantom
  3704 | D:3      | Noticed a sky beast
  4169 | D:3      | HP: 1/21 [orc (9)]
  4493 | D:4      | Noticed a scorpion
  4497 | D:4      | Killed a scorpion
  4498 | D:4      | Reached skill level 1 in Fighting
  4498 | D:4      | Reached skill level 5 in Stealth
  4498 | D:4      | Reached XP level 5. HP: 25/25 MP: 8/10
  4552 | D:4      | Noticed a phantom
  4580 | D:4      | Killed a phantom
  4586 | D:4      | Slain by an orc priest

Illustrated notes

Levels and vault maps discovered:
D:1:      dpeg_arrival_triangle_fractal, layout_basic,
          chequers_serial_rivers_micro_a, minmay_domino_2
D:2:      layout_loops_ring, shapermc_ecumenical_altar_mp_vishouse,
          chequers_serial_rivers_micro_c, roderic_lattice_a, uniq_sigmund
D:3:      layout_loops_cross, gammafunk_ghost_necromancy, uniq_terence
D:4:      layout_loops_ring, uniq_pikel

Skill      XL: |  1  2  3  4  5 |
---------------+----------------+-----
Short Blades   | 1 2 |  2.0
Stealth        | 4 5 |  5.5
Dodging        | 2 |  2.3
Fighting       | 1 |  1.3
Spellcasting   | 3 |  3.0
Hexes          | |  3.6

Action                   |  1- 3 |  4- 6 || total
-------------------------+-------+-------++-------
Melee: Dagger            |   108 |    49 ||   157
       Bite              |    23 |    11 ||    34
 Cast: Ensorcelled Hiber |     2 |     5 ||     7
       Corona            |     1 |       ||     1
       Confusing Touch   |       |     1 ||     1
  Use: Scroll            |     3 |     4 ||     7
       Potion            |       |     1 ||     1
 Stab: Sleeping          |    12 |    10 ||    22
Armor: Robe              |    12 |    10 ||    22
Dodge: Dodged            |    71 |    55 ||   126

Table legend: (Time is in decaauts)
 A = Elapsed time spent in this place.
 B = Non-inter-level travel time spent in this place.
 C = Inter-level travel time spent in this place.
 D = Time resting spent in this place.
 E = Time spent auto-exploring this place.
 F = Levels seen in this place.
 G = Mean time per level.
                   A        B        C        D        E       F      G
               +--------+--------+--------+--------+--------+-----+--------+
         Total |   4583 |   4558 |     25 |   1281 |   1917 |   4 | 1145.8 |
       Dungeon |   4583 |   4558 |     25 |   1281 |   1917 |   4 | 1145.8 |
               +--------+--------+--------+--------+--------+-----+--------+

Top non-repeatable levels by time:
     D:1: 1665 daAuts
     D:2: 1649 daAuts
     D:3: 1068 daAuts
     D:4: 200 daAuts
